 Seeded DCSS version 0.28.0-53-g5a82cb258f (webtiles) character file.

Game seed: 16595016921790924021 (custom seed)

29 Kranky the Skirmisher (level 3, -7/27 HPs)
             Began as an Octopode Fighter on June 23, 2022.
             Mangled by Terence
             ... wielding a +0 mace
              (10 damage)
             ... on level 2 of the Dungeon.
             The game lasted 00:00:59 (1022 turns).

Kranky the Skirmisher (Octopode Fighter)            Turns: 1022, Time: 00:00:59

Health: -7/27      AC:  1    Str: 15    XL:     3   Next: 16%
Magic:  3/3        EV: 13    Int: 10    God:
Gold:   57         SH:  4    Dex: 13    Spells: 2/2 levels left

rFire   . . .      SeeInvis .   a - +0 trident
rCold   . . .      Faith    .   b - +0 buckler
rNeg    . . .      Spirit   .   (helmet restricted)
rPois   .          Reflect  .   (no amulet)
rElec   .          Harm     .   (no ring)
rCorr   .          Rampage  .   (no ring)
Will    .....                   (no ring)
Stlth   +++.......              (no ring)
HPRegen 0.09/turn               (no ring)
MPRegen 0.08/turn               (no ring)
                                (no ring)
                                (no ring)

@: no status effects
A: almost no armour, amphibious, 8 rings, camouflage 1, gelatinous body 1,
(nimble swimmer 1), tentacles
a: no special abilities


You were on level 2 of the Dungeon.
You visited 1 branch of the dungeon, and saw 2 of its levels.

You collected 57 gold pieces.

Inventory:

Hand Weapons
 a - a +0 trident (weapon)
Armour
 b - a +0 buckler (worn)
Scrolls
 d - a scroll of noise {unknown}
 e - a scroll of enchant weapon {unknown}
 f - a scroll of identify {unknown}
 g - a scroll of enchant armour {unknown}
Potions
 c - a potion of might


   Skills:
 + Level 3.7 Fighting
 - Level 2.0 Polearms
 - Level 3.0 Dodging
 * Level 2.4 Stealth
 - Level 3.0 Shields


You had 2 spell levels left.
You didn't know any spells.
Your spell library was empty.

Dungeon Overview and Level Annotations

Branches:
Dungeon (2/15)

Altars:

Annotations:
D:2 Terence


Innate Abilities, Weirdness & Mutations

You cannot wear most types of armour.
You are amphibious.
You can wear up to eight rings at the same time.
Your skin changes colour to match your surroundings (Stealth+).
Your rubbery body absorbs attacks. (AC +1, EV +1)
((You are camouflaged when in or above water. (Stealth+)))
You have tentacles for arms and can constrict up to eight enemies at once.


Message History

You hit the worm.
The worm is severely wounded.
You constrict the worm. The worm misses you.
You puncture the worm!
You kill the worm!
No target in view!
No target in view!
g - a scroll labelled ZUEN ES JOIST Terence the Incautious comes into view.
He is wielding a +0 mace and wearing a +3 chain mail of fire resistance.
Terence is nearby!
Terence is nearby!
Terence is nearby!
Terence shouts!
Terence screams, "I'm going to kill you!"
You reach to attack!
You hit Terence but do no damage. You block Terence's attack.
You closely miss Terence. You grab Terence.
You constrict Terence, but do no damage.
Terence misses you.
You hit Terence.
Terence is lightly wounded.
You constrict Terence, but do no damage.
Terence hits you with a +0 mace.
You hit Terence but do no damage.
Terence is lightly wounded.
You constrict Terence, but do no damage.
Terence hits you with a +0 mace!
You hit Terence but do no damage. You squeeze Terence!
Terence is heavily wounded.
You constrict Terence. Terence hits you with a +0 mace.
Terence hits you with a +0 mace!
* * * LOW HITPOINT WARNING * * *
You are too injured to fight recklessly!
You are too injured to fight recklessly!
You are too injured to fight recklessly!
You hit Terence.
Terence is almost dead.
You constrict Terence, but do no damage.
Terence hits you with a +0 mace!
You die...

#######
####...<.#########
..................
.................
####......##...#
####......# ...#
......†...##...#
.##........@...#
#.......@#.#.
.....###...# #
###.. #...# #..
#..... #. ........
........?..
...#........
....+...#####
.....#...#


You could see Terence.

Vanquished Creatures
  2 worms (D:2)
  2 dart slugs (D:1)
  A bat (D:1)
  2 endoplasms (D:1)
  A giant cockroach (D:1)
  2 goblins (D:1)
  A hobgoblin (D:1)
  3 ball pythons (D:1)
  A frilled lizard (D:1)
  3 kobolds (D:1)
18 creatures vanquished.

Notes
Turn   | Place    | Note
-------+----------+-------------------------------------------
     0 | D:1      | Kranky the Octopode Fighter began the quest for the Orb.
     0 | D:1      | Reached XP level 1. HP: 16/16 MP: 1/1
   277 | D:1      | Reached skill level 1 in Stealth
   377 | D:1      | Reached XP level 2. HP: 21/21 MP: 2/2
  1008 | D:2      | Reached XP level 3. HP: 27/27 MP: 3/3
  1015 | D:2      | Noticed Terence
  1022 | D:2      | Mangled by Terence

Illustrated notes

Levels and vault maps discovered:
D:1:      dpeg_arrival_windows_large_door, layout_basic, minmay_misc_feat_tower,
          grunt_decor_cap
D:2:      layout_basic, uniq_terence

Skill      XL: |  1  2 |
---------------+-------+-----
Stealth        | 1 2 |  2.4
Fighting       | |  3.7
Polearms       | |  2.0
Dodging        | |  3.0
Shields        | |  3.0

Action                   || total
-------------------------++-------
Melee: Trident           ||    52
       Constrict         ||     8
       Tentacles         ||     4
 Stab: Sleeping          ||     2
Armor: Skin              ||     2
Dodge: Dodged            ||    16
Block: Buckler           ||     8
